 Dungeon Crawl Stone Soup version 0.22.1-1-ga44c0e56f4 (webtiles) character file.

54 Descartes the Grasshopper (level 3, -8/32 HPs)
             Began as a Naga Warper on Nov 7, 2018.
             Mangled by a worm (10 damage)
             ... on level 2 of the Dungeon.
             The game lasted 00:07:06 (1141 turns).

Descartes the Grasshopper (Naga Warper)             Turns: 1141, Time: 00:07:07

Health: -8/32      AC:  3    Str: 13    XL:     3   Next: 91%
Magic:  6/6        EV:  9    Int: 14    God:
Gold:   61         SH:  0    Dex: 10    Spells: 2/6 levels left

rFire    . . .     SeeInvis +   a - +0 spear
rCold    . . .     Gourm    .   (no shield)
rNeg     . . .     Faith    .   c - +0 leather armour
rPois    +         Spirit   .   (no helmet)
rElec    .         Reflect  .   l - +0 cloak
rCorr    .         Harm     .   (no gloves)
MR       .....                  (no barding)
Stlth    +.........             (no amulet)
HPRegen  0.10/turn              (no ring)
MPRegen  0.10/turn              (no ring)

@: lethally poisoned (-8 -> -9), very slow
A: large, see invisible, deformed body, poison resistance, slowness 2, slow
metabolism 1, spit poison 1, AC +1
a: Spit Poison


You were on level 2 of the Dungeon.
You were not hungry.

You visited 1 branch of the dungeon, and saw 2 of its levels.

You collected 61 gold pieces.

Inventory:

Hand Weapons
 a - a +0 spear (weapon)
 b - a +0 hunting sling
Missiles
 e - 5 tomahawks of dispersal
 h - 32 stones
 i - 5 javelins (quivered)
Armour
 c - a +0 leather armour (worn)
 l - a +0 cloak (worn)
Scrolls
 d - a scroll of blinking
 g - 2 scrolls of teleportation
 j - a scroll of fear {unknown}
Potions
 k - a potion of brilliance {unknown}
 m - a potion of haste {unknown}
Comestibles
 f - 4 rations


   Skills:
 - Level 2.0 Fighting
 + Level 2.3 Polearms
 + Level 1.2 Throwing
 + Level 1.1 Armour
 + Level 1.9 Dodging
 + Level 1.7 Stealth
 + Level 2.3 Spellcasting
 * Level 0.8 Charms
 * Level 3.2 Translocations


You had 2 spell levels left.
You knew the following spells:

 Your Spells              Type           Power        Failure   Level  Hunger
a - Blink                 Tloc           N/A          12%         2    ###....
b - Shroud of Golubria    Chrm/Tloc      #.........   19%         2    ###....

Your spell library contained the following spells:

 Spells                   Type           Power        Failure   Level  Hunger
 Gell's Gravitas          Tloc           ##........   22%         3    ###....
 Lesser Beckoning         Tloc           ##........   22%         3    ###....
 Teleport Other           Tloc           ##......     22%         3    ###....
 Passage of Golubria      Tloc           N/A          58%         4    #####..


Dungeon Overview and Level Annotations

Branches:
Dungeon (2/15)

Altars:


Innate Abilities, Weirdness & Mutations

You cannot wear boots.
Your serpentine skin is tough. (AC +1)
You have supernaturally acute eyesight. (SInv)
Armour fits poorly on your strangely shaped body.
Your system is resistant to poisons. (rPois)
You cover ground very slowly.
You have a slow metabolism.
You can spit poison.


Message History

You hit the worm.
The worm is almost dead.
The worm barely misses you.
Your leather armour prevents you from hitting the worm.
The worm is severely wounded.
You barely miss the worm.
The worm is severely wounded.
You feel sick. The worm bites you!
* * * LOW HITPOINT WARNING * * *
You hit the worm.
The worm is almost dead.
You hit the worm but do no damage.
The worm is almost dead.
You have got your breath back.
The worm bites you.
* * * LOW HITPOINT WARNING * * *
You hit the worm.
The worm is almost dead.
The worm bites you!
You die...

#.........#
###..######
##'######
#.......#
#.......#
#.......#
#.......#
#.......#
###@#####
#w# #....†#
#...... .
#......# .#
#......#
...
#.......
...
#######.
... ..


You could see a worm.

Vanquished Creatures
  A gnoll (D:1)
  An adder (D:2)
  A dart slug (D:1)
  8 bats
  5 giant cockroaches (D:1)
  3 goblins
  4 hobgoblins (D:1)
  A quokka (D:2)
  4 kobolds (D:1)
  5 rats
33 creatures vanquished.

Notes
Turn   | Place    | Note
-------+----------+-------------------------------------------
     0 | D:1      | Descartes the Naga Warper began the quest for the Orb.
     0 | D:1      | Reached XP level 1. HP: 19/19 MP: 3/3
    21 | D:1      | Reached skill level 1 in Throwing
   200 | D:1      | Reached XP level 2. HP: 26/26 MP: 5/5
   209 | D:1      | Reached skill level 1 in Stealth
   219 | D:1      | Learned a level 2 spell: Blink
   222 | D:1      | Learned a level 2 spell: Shroud of Golubria
   252 | D:1      | Reached skill level 1 in Armour
   450 | D:1      | Reached XP level 3. HP: 21/32 MP: 6/6
  1141 | D:2      | Mangled by a worm

Skill      XL: |  1  2 |
---------------+-------+-----
Throwing       | 1 |  1.2
Stealth        | 1 |  1.7
Armour         | 1 |  1.1
Fighting       | |  2.0
Polearms       | |  2.3
Dodging        | |  1.9
Spellcasting   | |  2.3
Charms         | |  0.8
Translocations | |  3.2

Action                   || total
-------------------------++-------
Melee: Spear             ||   124
 Abil: Spit Poison       ||    17
  Use: Scroll            ||     1
  Eat: Chunk             ||     1
Armor: Leather armour    ||    21
Dodge: Dodged            ||    67
